 Dungeon Crawl Stone Soup version 0.19.1-1-g22dce08 (webtiles) character file.

72 ponk the Firebug (level 4, -1/33 HPs)
             Began as a Draconian Fire Elementalist on Jan 8, 2017.
             Slain by a shadow imp (3 damage)
             ... summoned by Natasha
             ... on level 2 of the Dungeon.
             The game lasted 00:07:32 (1690 turns).

ponk the Firebug (Draconian Fire Elementalist)      Turns: 1690, Time: 00:07:32

Health: -1/33      AC:  5    Str: 11    XL:     4   Next: 6%
Magic:  1/7        EV: 12    Int: 16    God:
Gold:   33         SH:  0    Dex: 11    Spells: 1 memorised, 6 levels left

rFire  . . .     SeeInvis .     c - +0 short sword (curse)
rCold  . . .     Gourm    .     (armour unavailable)
rNeg   . . .     Faith    .     (no shield)
rPois  .         Spirit   .     (helmet restricted)
rElec  .         Reflect  .     (no cloak)
rCorr  .         Harm     .     (no gloves)
MR     .....                    (no boots)
Stlth  ++........               (no amulet)
                                (no ring)
                                (no ring)

@: very slightly contaminated, slowed, very slow
A: unfitting armour, cold-blooded, AC +5
a: no special abilities


You were on level 2 of the Dungeon.
You were not hungry.

You visited 1 branch of the dungeon, and saw 2 of its levels.

You collected 33 gold pieces.

Inventory:

Hand Weapons
 c - a cursed +0 short sword (weapon)
Books
 a - a book of Flames

   Spells                             Type                      Level
   a - Flame Tongue                   Conjuration/Fire             1
   b - Throw Flame                    Conjuration/Fire             2
   c - Conjure Flame                  Conjuration/Fire             3
   d - Inner Flame                    Hexes/Fire                   3
   e - Sticky Flame                   Conjuration/Fire             4
   f - Fireball                       Conjuration/Fire             5
Comestibles
 b - a bread ration
 h - 2 beef jerkies
 j - a meat ration


   Skills:
 + Level 2.5 Dodging
 + Level 1.8 Stealth
 + Level 2.3 Spellcasting
 + Level 1.8 Conjurations
 + Level 3.9 Fire Magic


You had 6 spell levels left.
You knew the following spells:

 Your Spells              Type           Power        Failure   Level  Hunger
a - Flame Tongue          Conj/Fire      ##...        10%         1    #......


Dungeon Overview and Level Annotations

Branches:
Dungeon (2/15)

Altars:

Annotations:
D:2 Natasha


Innate Abilities, Weirdness & Mutations

Your plain brown scales are hard. (AC +5)
You cannot fit into any form of body armour.
You are cold-blooded and may be slowed by cold attacks.


Message History

Confirm with . or Enter, or press ? or * to list all spells.
Aiming: Flame Tongue
Press: ? - help, Shift-Dir - straight line, f/p - shadow imp
Aim: a shadow imp (lightly wounded, summoned)
The flame tongue hits the shadow imp.
The shadow imp is heavily wounded.
The shadow imp hits you but does no damage.
Natasha mumbles some strange words.
The frilled lizard misses you. The shadow imp hits you.
* * * LOW HITPOINT WARNING * * *
The frilled lizard closely misses you.
The dart slug bites you but does no damage.
Natasha closely misses you. The frilled lizard barely misses you.
The white imp gestures at you. The puff of frost misses you.
The dart slug closely misses you. The shadow imp barely misses you.
Natasha completely misses you. The white imp gestures at you.
The puff of frost misses you. The shadow imp misses you.
The shadow imp hits you.
You die...

##........##
.##..........#### ##
...?......†.....####.#
#..........##......###
#..........###........
#.!............5##.###
##..lh....#####.# #
##..555w..####.5#
#....@.........##
#......[....####
#..........##
#..........#
#.....<....#
..............#
###..(.†.....###
##.#.##..### #... ..##


You could see Natasha, a white imp, 2 shadow imps, a dart slug and a frilled
lizard.

Vanquished Creatures
  Jessica (D:2)
  An adder (D:2)
  A dart slug (D:1)
  A leopard gecko (D:1)
  A giant cockroach (D:2)
  5 goblins (D:1)
  A hobgoblin (D:1)
  4 jackals (D:1)
  4 bats
  2 frilled lizards (D:1)
  10 kobolds (D:1)
  4 rats (D:1)
35 creatures vanquished.

Notes
Turn   | Place    | Note
-------+----------+-------------------------------------------
     0 | D:1      | ponk the Draconian Fire Elementalist began the quest for the Orb.
     0 | D:1      | Reached XP level 1. HP: 14/14 MP: 3/3
   301 | D:1      | Reached XP level 2. HP: 18/20 MP: 3/5
   870 | D:1      | Reached XP level 3. HP: 6/26 MP: 3/6
  1634 | D:2      | Noticed Jessica
  1638 | D:2      | Killed Jessica
  1640 | D:2      | Noticed Natasha
  1641 | D:2      | Reached XP level 4. HP: 32/33 MP: 0/7
  1686 | D:2      | HP: 1/33 [shadow imp[Natasha] (1)]
  1690 | D:2      | Slain by a shadow imp

Skill      XL: |  1 |
---------------+----+-----
Dodging        | 2 |  2.5
Stealth        | |  1.8
Spellcasting   | |  2.3
Conjurations   | |  1.8
Fire Magic     | |  3.9

Action                   |  1- 3 |  4- 6 || total
-------------------------+-------+-------++-------
Melee: Dagger            |     3 |       ||     3
       Tailslap          |     3 |     1 ||     4
       Short sword       |    37 |    13 ||    50
 Cast: Flame Tongue      |    47 |     4 ||    51
  Use: Scroll            |     4 |       ||     4
       Potion            |     5 |       ||     5
  Eat: Bread ration      |     1 |       ||     1
       Chunk             |     1 |       ||     1
Armor: Skin              |    15 |    31 ||    46
Dodge: Dodged            |    44 |    56 ||   100
